 Dungeon Crawl Stone Soup version 0.28-a0-1236-gb25a51b929 (webtiles) character file.

Game seed: 16291876040308479050

94695 dolemite99 the Severer (level 15, -4/130 HPs)
             Began as a Demonspawn Fighter on Dec 25, 2021.
             Was a Follower of Uskayaw.
             Slain by a very large slime creature (48 damage)
             ... on level 14 of the Dungeon.
             The game lasted 00:47:55 (28838 turns).

dolemite99 the Severer (Demonspawn Fighter)        Turns: 28838, Time: 00:47:56

Health: -4/130     AC: 31    Str: 23    XL:     15   Next: 64%
Magic:  23/23      EV:  7    Int:  9    God:    Uskayaw [*.....]
Gold:   1298       SH:  5    Dex: 16    Spells: 14/14 levels left

rFire   + . .      SeeInvis +   a - +4 broad axe (chaos)
rCold   + . .      Faith    +   N - +0 buckler
rNeg    . . .      Spirit   .   o - +1 plate armour {rC+}
rPois   .          Reflect  .   h - +2 hat
rElec   .          Harm     .   z - +2 cloak of the Comet {Dex+2 SInv}
rCorr   .          Rampage  .   (gloves unavailable)
Will    +....                   v - +2 pair of boots
Stlth   ..........              A - amulet of faith
HPRegen 0.31/turn               n - ring of protection from fire
MPRegen 0.18/turn               m - +4 ring of protection {=R}

@: no status effects
A: claws 3, rugged brown scales 3, powered by death 2
a: Renounce Religion, Stomp


You were on level 14 of the Dungeon.
You worshipped Uskayaw.
Uskayaw was aware of your devotion.
You visited 3 branches of the dungeon, and saw 22 of its levels.
You also visited: Bailey.

You collected 3126 gold pieces.
You spent 1828 gold pieces at shops.

Inventory:

Hand Weapons
 a - a +4 broad axe of chaos (weapon)
 b - the +8 spear of the Lost Shrikes {freeze, rN+ Int+2}
   (You found it on level 11 of the Dungeon)

   It freezes those it strikes, dealing additional cold damage.
   It can also slow down cold-blooded creatures.
   Int:       It affects your intelligence (+2).
   rN:        It protects you from negative energy.
 I - a +1 trident of venom
Missiles
 e - 6 javelins
 t - 139 poisoned darts
 B - 2 curare-tipped darts
 J - 4 throwing nets
 O - 19 boomerangs (quivered)
Armour
 h - a +2 hat (worn)
 o - a +1 plate armour of cold resistance (worn)
 v - a +2 pair of boots (worn)
 z - the +2 cloak of the Comet (worn) {Dex+2 SInv}
   (You acquired it on level 6 of the Dungeon)

   Dex:       It affects your dexterity (+2).
   SInv:      It lets you see invisible.
 G - a +2 pair of gloves
 N - a +0 buckler (worn)
Magical Staves
 u - a staff of air
Jewellery
 i - a ring of see invisible
 m - a +4 ring of protection (right claw) {=R}
 n - a ring of protection from fire (left claw)
 A - an amulet of faith (around neck)
 K - a +6 ring of dexterity
 L - a ring of ice
 U - an amulet of the acrobat
Wands
 c - a wand of polymorph (11)
 s - a wand of paralysis (4)
 y - a wand of flame (44)
 T - a wand of mindburst (12)
 V - a wand of digging (3)
Scrolls
 g - 2 scrolls of vulnerability
 q - 4 scrolls of enchant armour
 r - 4 scrolls of teleportation
 w - a scroll of fear
 C - 3 scrolls of magic mapping
 M - 3 scrolls of fog
 Q - 2 scrolls of immolation
 R - 2 scrolls of blinking
 X - 2 scrolls of silence
 Y - a scroll of amnesia
 Z - a scroll of identify {@r1}
Potions
 d - 8 potions of brilliance
 f - a potion of lignification
 k - 7 potions of curing
 l - 2 potions of heal wounds
 p - 3 potions of might
 x - a potion of magic
 D - 2 potions of haste
 E - 3 potions of ambrosia
 F - 4 potions of berserk rage
 H - a potion of resistance
 P - a potion of invisibility
 S - 2 potions of flight
 W - 4 potions of attraction
Miscellaneous
 j - a tin of tremorstones (1/2)


   Skills:
 - Level 12.4 Fighting
 + Level 16.7(17.5) Axes
 - Level 8.7(13.7) Polearms
 - Level 6.0 Throwing
 - Level 10.9 Armour
 - Level 4.0 Shields
 - Level 11.7 Invocations


You had 14 spell levels left.
You didn't know any spells.
Your spell library contained the following spells:

 Spells                   Type           Power      Damage    Failure   Level
 Slow                     Hex            0%         N/A       99%         1
 Blink                    Tloc           0%         N/A       100%        2
 Static Discharge         Conj/Air       0%         N/A       100%        2
 Frozen Ramparts          Ice            0%         1d2       100%        3
 Lesser Beckoning         Tloc           0%         N/A       100%        3
 Ozocubu's Armour         Ice            0%         N/A       100%        3
 Airstrike                Air            0%         N/A       100%        4
 Animate Dead             Necr           0%         N/A       100%        4
 Ice Form                 Ice/Tmut       0%         N/A       100%        4
 Summon Ice Beast         Ice/Summ       0%         N/A       100%        4
 Summon Lightning Spire   Summ/Air       0%         N/A       100%        4
 Lightning Bolt           Conj/Air       0%         1d11      100%        5
 Manifold Assault         Tloc           0%         N/A       100%        5
 Metabolic Englaciation   Hex/Ice        0%         N/A       100%        5
 Summon Forest            Summ/Tloc      0%         N/A       100%        5
 Conjure Ball Lightning   Conj/Air       0%         3x3d6     100%        6
 Eringya's Noxious Bog    Tmut/Pois      0%         N/A       100%        6
 Simulacrum               Ice/Necr       0%         N/A       100%        6
 Haunt                    Necr/Summ      0%         N/A       100%        7
 Malign Gateway           Summ/Tloc      0%         N/A       100%        7
 Summon Hydra             Summ           0%         N/A       100%        7
 Infestation              Necr           0%         N/A       100%        8
 Lehudib's Crystal Spear  Conj/Erth      0%         10d2      100%        8
 Maxwell's Capacitive Co  Air            0%         ∞         100%        8
 Summon Horrible Things   Summ           0%         N/A       100%        8


Dungeon Overview and Level Annotations

Branches:
Dungeon (14/15) Temple (0/1) D:6 Lair (6/6) D:8 Shoals (0/4) Lair:3 Spider (0/4) Lair:2 Slime (0/5) Lair:5 Orc (2/2) D:11 Elf (0/3) Orc:2 Vaults (0/5) D:12 D:13 Bailey (visited)

Altars:
Gozag
Nemelex Xobeh
Okawaru
Trog
Uskayaw
Vehumet
Wu Jian
Zin
The Shining One
Beogh

Shops:
Orc:1 :   Orc:2 **:[

Annotations:
D:3 2 transporters, Adrian566's ghost, amateur TrFi
D:6 1 runed translucent door, bearlyready's ghost, novice DrTm
Lair:2 3 runed translucent doors, Mium Ilu's ghost, journeyman MiFi
Lair:3 2 transporters, blank1's ghost, journeyman MiFi
Lair:5 2 transporters, Buqosi's ghost, journeyman BaIE


Innate Abilities, Weirdness & Mutations

You have claws for hands.
You are completely covered in rugged brown scales. (AC +3, +7% HP)
You regenerate health from kills.


Message History

You kill the purple ugly thing!
Your tin of tremorstones (1/2) has regained one charge.
Things that are here:
an ugly thing corpse; an ugly thing corpse You can no longer merge with and destroy a victim.
Found a flail.
You can no longer pass through a line of other dancers.
You now have 1298 gold pieces (gained 14).
The slime creature quivers. x4
The slime creature quivers.
The slime creature barely misses you.
You slice the slime creature!!
The slime creature resists with some effort.
The slime creature is heavily wounded.
You slash the slime creature! You burn the slime creature.
The slime creature hits you!
Two slime creatures merge to form a large slime creature.
Two slime creatures merge to form a very large slime creature.
Two slime creatures merge to form a large slime creature.
You slash the very large slime creature!
The very large slime creature is moderately wounded.
The very large slime creature hits you!!!
You barely miss the very large slime creature.
The very large slime creature is lightly wounded.
You slice the very large slime creature!!
The very large slime creature is moderately wounded.
The very large slime creature hits you!!!
You are too injured to fight recklessly!
You are too injured to fight recklessly!
You are too injured to fight recklessly!
You are too injured to fight recklessly!
You are too injured to fight recklessly!
You are too injured to fight recklessly!
You are too injured to fight recklessly!
You are too injured to fight recklessly!
You slice the very large slime creature!!
You freeze the very large slime creature!
The very large slime creature is heavily wounded.
The very large slime creature hits you!!!
You die...

## .###
...##########
..............
..##..##### #.
## ..###...†.#
#.## ..#
...######.#
#..###..# .#.#
#.####.#@...#
.#.#
#...##..J#.##
.#.#
###.#......#
.#..
#.....#...##
.# #
#.#.^.#..## .#
#.###.....#
.## ...#
###J..## ..#
... #.J...)#
#.# ##.#.
#.#.##...#


You could see a very large slime creature and 2 slime creatures.

Vanquished Creatures
  Rupert (D:12)
  Nessos (D:13)
  An ettin (Orc:1)
  Josephine (D:13)
  A fire dragon (Lair:6)
  9 hydras
  Harold (D:10)
  A boulder beetle (D:14)
  4 centaur warriors (D:13)
  An ogre mage (D:14)
  Erica (D:11)
  A catoblepas (Lair:4)
  5 two-headed ogres
  3 tengu warriors (D:13)
  5 orc high priests
  3 skeletal warriors (D:14)
  A swamp dragon (Lair:6)
  8 orc knights
  2 deep elf pyromancers
  3 orc sorcerers (Orc:2)
  An orb spider (shapeshifter) (D:14)
  2 wolf spiders (Lair:6)
  12 ugly things
  A cyclops (D:12)
  A guardian serpent (Lair:6)
  Maurice (D:9)
  9 black mambas
  22 elephants
  A gargoyle (D:12)
  18 cane toads
  A torpor snail (Lair:6)
  An unseen horror (shapeshifter) (D:11)
  An unseen horror (D:10)
  Maggie (D:8)
  7 komodo dragons
  Psyche (D:11)
  A freezing wraith (D:13)
  4 rime drakes
  7 trolls
  A meliai (shapeshifter) (D:12)
  A polar bear (Lair:2)
  3 hornets
  Grinder (D:4)
  4 blink frogs (Lair:2)
  8 slime creatures
  2 dream sheep (Lair:6)
  A blink frog (shapeshifter) (D:13)
  17 wyverns
  A vampire (D:11)
  A redback (Lair:6)
  8 basilisks
  5 wraiths
  47 yaks
  A fire elemental (Lair:4)
  15 humans
  10 vampire mosquitoes
  7 wargs
  4 steam dragons
  4 acid dragons
  26 water moccasins
  2 swamp drakes (Lair:6)
  26 orc warriors
  An ice beast (D:6)
  3 necrophages
  2 sky beasts
  4 black bears
  27 wolves
  8 ogres
  12 centaurs
  2 phantoms
  2 kobold brigands
  A gnoll sergeant (D:8)
  12 bullfrogs
  2 scorpions
  2 water moccasin zombies (D:5)
  7 killer bees
  2 water moccasin skeletons (D:5)
  8 howler monkeys
  9 wights
  2 electric eels
  7 centaur zombies
  4 jellies
  3 bullfrog zombies
  17 orc priests
  3 hounds
  2 bullfrog skeletons
  7 iguanas
  17 orc wizards
  Ijyb (D:5)
  3 scorpion zombies (D:5)
  3 killer bee zombies
  A hound skeleton (D:5)
  A howler monkey zombie (D:9)
  6 adders
  3 gnolls (D:8)
  A shadow imp (D:6)
  A white imp (D:7)
  2 ufetubi
  An adder zombie (D:5)
  3 worms
  A dart slug (D:5)
  61 orcs
  11 endoplasms
  5 giant cockroaches
  8 goblins
  8 hobgoblins
  3 jackals (D:3)
  4 quokkas
  4 ball pythons
  6 bats
  3 frilled lizards
  11 kobolds
  7 rats
664 creatures vanquished.

Vanquished Creatures (others)
  A human (D:13)
  An iguana (Lair:6)
  An orc wizard (Orc:2)
  96 fungi
  162 plants
  2 withered plants (D:5)
263 creatures vanquished.

Grand Total: 927 creatures vanquished

Notes
Turn   | Place    | Note
-------+----------+-------------------------------------------
     0 | D:1      | dolemite99 the Demonspawn Fighter began the quest for the
                  | Orb.
     0 | D:1      | Reached XP level 1. HP: 18/18 MP: 1/1
    76 | D:1      | Reached skill level 2 in Axes
   370 | D:1      | Found a faded altar of an unknown god.
   374 | D:1      | Got Plato's Grimoire of Enchantment
   433 | D:1      | Gained mutation: You are partially covered in rugged brown
                  | scales. (AC +1, +3% HP) [demonic ancestry]
   433 | D:1      | Reached XP level 2. HP: 18/24 MP: 2/2
  1149 | D:2      | Reached skill level 3 in Axes
  1357 | D:2      | Gained mutation: You are mostly covered in rugged brown
                  | scales. (AC +2, +5% HP) [demonic ancestry]
  1357 | D:2      | Reached XP level 3. HP: 24/30 MP: 0/3
  1819 | D:2      | You fall into a shaft and drop 1 floor!
  1965 | D:3      | Found a transporter.
  1965 | D:3      | Noticed Adrian566's ghost (amateur TrFi)
  2047 | D:3      | Reached XP level 4. HP: 36/36 MP: 4/4
  2069 | D:3      | Reached skill level 4 in Axes
  2383 | D:3      | Found a transporter.
  2586 | D:4      | Noticed a necrophage
  2586 | D:4      | Noticed an ogre
  2591 | D:4      | Killed an ogre
  2592 | D:4      | Reached skill level 5 in Axes
  2592 | D:4      | Gained mutation: You are completely covered in rugged brown
                  | scales. (AC +3, +7% HP) [demonic ancestry]
  2592 | D:4      | Reached XP level 5. HP: 13/43 MP: 2/5
  2595 | D:4      | Killed a necrophage
  2596 | D:4      | Gained mutation: You have sharp fingernails. [demonic
                  | ancestry]
  2596 | D:4      | Reached XP level 6. HP: 16/50 MP: 0/6
  3231 | D:4      | Reached skill level 6 in Axes
  3581 | D:4      | Found an ornate altar of the Wu Jian Council.
  3581 | D:4      | Found a radiant altar of Vehumet.
  3581 | D:4      | Found a hide-covered altar of Uskayaw.
  3581 | D:4      | Found an iron altar of Okawaru.
  3581 | D:4      | Found an opulent altar of Gozag.
  3618 | D:4      | Became a worshipper of Uskayaw the Reveller
  3632 | D:5      | Entered Level 5 of the Dungeon
  3685 | D:5      | Reached * piety under Uskayaw
  3688 | D:5      | Reached ** piety under Uskayaw
  3981 | D:4      | Reached skill level 7 in Axes
  3981 | D:4      | Reached XP level 7. HP: 55/55 MP: 4/7
  4087 | D:4      | Noticed Grinder
  4091 | D:4      | Paralysed by Grinder for 5 turns
  4097 | D:4      | Killed Grinder
  4303 | D:5      | Noticed a steam dragon
  4307 | D:5      | Killed a steam dragon
  4308 | D:5      | Reached skill level 8 in Axes
  4314 | D:5      | Reached *** piety under Uskayaw
  4324 | D:5      | Reached **** piety under Uskayaw
  4384 | D:5      | Reached XP level 8. HP: 60/62 MP: 0/8
  4476 | D:5      | Reached skill level 9 in Axes
  4899 | D:5      | Noticed Ijyb
  4909 | D:5      | Killed Ijyb
  5406 | D:6      | Found a staircase to the Ecumenical Temple.
  5444 | D:6      | Reached skill level 10 in Axes
  5716 | D:6      | Reached ***** piety under Uskayaw
  5804 | D:6      | Reached skill level 11 in Axes
  5804 | D:6      | Reached XP level 9. HP: 64/67 MP: 0/9
  6004 | D:6      | Noticed a troll
  6020 | D:6      | Killed a troll
  6162 | D:6      | Found a runed translucent door.
  6163 | D:6      | Noticed bearlyready's ghost (novice DrTm)
  6169 | D:6      | Identified 2 scrolls of acquirement
  6169 | D:6      | Acquired 1049 gold pieces
  6311 | D:6      | Reached skill level 12 in Axes
  6660 | D:6      | Acquired the +2 cloak of the Comet {Dex+2 SInv}
  6682 | D:6      | Found a sparkling altar of Nemelex Xobeh.
  8572 | D:8      | Noticed a cyan ugly thing
  8581 | D:7      | Reached skill level 13 in Axes
  8586 | D:7      | Killed a cyan ugly thing
  8587 | D:7      | Gained mutation: You regenerate a little health from kills.
                  | [demonic ancestry]
  8587 | D:7      | Reached XP level 10. HP: 44/74 MP: 0/10
  8898 | D:8      | Reached skill level 1 in Invocations
  9047 | D:8      | Reached skill level 5 in Invocations
  9066 | D:8      | Found a staircase to the Lair.
  9178 | D:8      | Noticed Maggie
  9192 | D:8      | Killed Maggie
  9447 | D:8      | Reached skill level 10 in Invocations
 10341 | D:9      | Noticed Maurice
 10353 | D:9      | Killed Maurice
 10436 | D:9      | Paralysed by a hornet for 1 turns
 10449 | D:9      | Gained mutation: You regenerate health from kills. [demonic
                  | ancestry]
 10449 | D:9      | Reached XP level 11. HP: 54/80 MP: 9/19
 10974 | D:10     | Entered Level 10 of the Dungeon
 11035 | D:10     | Noticed Harold
 11042 | D:10     | Reached ****** piety under Uskayaw
 11050 | D:10     | Paralysed by Harold for 4 turns
 11055 | D:10     | Killed Harold
 11056 | D:10     | Reached skill level 5 in Fighting
 11383 | D:10     | Found a flagged portal.
 11403 | Bailey   | Entered a bailey
 11426 | Bailey   | Noticed an orc knight
 11437 | D:10     | Killed an orc knight
 11438 | D:10     | Reached skill level 5 in Armour
 11610 | D:11     | Noticed a five-headed hydra
 11967 | D:11     | Noticed Psyche
 11979 | D:11     | Killed Psyche
 12115 | D:11     | Identified the +8 spear of the Lost Shrikes {freeze, rN+
                  | Int+2}
 12158 | D:11     | Killed a five-headed hydra
 12175 | D:11     | Noticed an orc knight
 12179 | D:11     | Found a staircase to the Orcish Mines.
 12205 | D:11     | Killed an orc knight
 12478 | D:11     | Noticed Erica
 12485 | D:11     | Killed Erica
 12564 | D:11     | Gained mutation: You have very sharp fingernails. [demonic
                  | ancestry]
 12564 | D:11     | Reached XP level 12. HP: 98/98 MP: 17/20
 12996 | D:12     | Noticed Rupert
 13198 | Lair:1   | Entered Level 1 of the Lair of Beasts
 13254 | Lair:1   | Noticed an eight-headed hydra
 13264 | Lair:1   | Killed an eight-headed hydra
 13945 | Lair:2   | Noticed Mium Ilu's ghost (journeyman MiFi)
 13984 | Lair:2   | Reached skill level 1 in Polearms
 14558 | Lair:2   | Noticed a six-headed hydra
 14576 | Lair:2   | Killed a six-headed hydra
 14577 | Lair:2   | Reached skill level 5 in Polearms
 14916 | Lair:2   | Found a hole to the Spider Nest.
 14958 | Lair:2   | Found a runed translucent gate.
 14958 | Lair:2   | Found a runed translucent gate.
 14959 | Lair:2   | Found a runed translucent gate.
 15300 | Lair:3   | Noticed a seven-headed hydra
 15311 | Lair:3   | Killed a seven-headed hydra
 15312 | Lair:3   | Reached XP level 13. HP: 108/108 MP: 3/21
 15854 | Lair:3   | Found a staircase to the Shoals.
 15967 | Lair:3   | Noticed blank1's ghost (journeyman MiFi)
 15971 | Lair:3   | Found a bloodstained altar of Trog.
 15971 | Lair:3   | Found a transporter.
 15987 | Lair:3   | Found a transporter.
 17419 | Lair:4   | Reached skill level 10 in Fighting
 17775 | Lair:5   | Found a transporter.
 18145 | Lair:5   | Noticed Buqosi's ghost (journeyman BaIE)
 18425 | Lair:5   | Found a transporter.
 18497 | Lair:5   | Reached skill level 10 in Armour
 19125 | Lair:5   | Found a staircase to the Slime Pits.
 19679 | Lair:6   | Entered Level 6 of the Lair of Beasts
 19800 | Lair:6   | Reached XP level 14. HP: 120/120 MP: 8/22
 20280 | Lair:6   | Got the Reference Book on Hexes and Arcane Weapons
 20558 | Lair:6   | Reached skill level 1 in Throwing
 20935 | Lair:6   | Identified the +4 ring mail of Uvamoh {Dex+4}
 21552 | Lair:6   | Reached skill level 5 in Throwing
 22380 | Orc:1    | Entered Level 1 of the Orcish Mines
 22380 | Orc:1    | Found Voym's Book Emporium.
 23431 | Orc:2    | Entered Level 2 of the Orcish Mines
 23465 | Orc:2    | Reached skill level 14 in Axes
 23866 | Orc:2    | Found a staircase to the Elven Halls.
 24874 | Orc:2    | Found Boalek's Assorted Antiques.
 24874 | Orc:2    | Found Dahinne's Assorted Antiques.
 24882 | Orc:2    | Found Umyq Izy's Book Emporium.
 24882 | Orc:2    | Found Oddit's Antique Armour Shop.
 24892 | Orc:2    | Bought a scroll labelled YXISSA HEBA for 36 gold pieces
 24893 | Orc:2    | Bought a scroll of teleportation for 108 gold pieces
 24893 | Orc:2    | Bought a shiny moonstone ring for 180 gold pieces
 24904 | Orc:2    | Bought a potion of curing for 96 gold pieces
 24904 | Orc:2    | Bought a runed gilded ring for 160 gold pieces
 24904 | Orc:2    | Bought a potion of invisibility for 256 gold pieces
 24904 | Orc:2    | Bought a scroll of enchant armour for 240 gold pieces
 24904 | Orc:2    | Bought a scroll of silence for 240 gold pieces
 24904 | Orc:2    | Bought 3 scrolls of identify for 192 gold pieces
 24904 | Orc:2    | Bought a scroll of magic mapping for 112 gold pieces
 24904 | Orc:2    | Bought a runed trident for 208 gold pieces
 25167 | D:12     | Killed Rupert
 25168 | D:12     | Gained mutation: You have claws for hands. [demonic
                  | ancestry]
 25168 | D:12     | Reached XP level 15. HP: 128/128 MP: 23/23
 25416 | D:13     | Noticed Nessos
 25416 | D:13     | Found a gate to the Vaults.
 25426 | D:12     | Reached skill level 15 in Axes
 25813 | D:12     | Identified the +8 rapier "Wofigrithru" {vorpal, rF- Str+3
                  | Int+2}
 26336 | D:13     | Killed Nessos
 27236 | D:14     | Noticed Josephine
 27357 | D:13     | Killed Josephine
 28119 | D:13     | Reached skill level 16 in Axes
 28838 | D:14     | Slain by a very large slime creature

Illustrated notes

Levels and vault maps discovered:
D:1:      lightli_arrival_windingriver, layout_loops_ring,
          shapermc_ecumenical_altar_rom_forum, solitary_fountain
D:2:      kennysheep_big_flooded_room, layout_basic, hangedman_decor_peaks_small
D:3:      layout_rooms, gammafunk_ghost_stat_death
D:4:      layout_basic, grunt_temple_overflow_open, uniq_grinder
D:5:      layout_rooms, serial_undead, serial_undead_c, serial_undead_a,
          serial_undead_d, serial_undead_c, uniq_ijyb
D:6:      minmay_bubble_buster, layout_layer_cave, mainiacjoe_overflow_paths,
          minmay_temple_entry_antechambers, gammafunk_ghost_grave
D:7:      layout_gridville, tso_oasis_becter, chequers_big_river
D:8:      layout_layer_cave, due_lair_maze_entry_diamond, uniq_maggie
D:9:      layout_gridville, uniq_maurice
D:10:     layout_rooms, kennysheep_mini_moat, enter_bailey_5,
          gammafunk_ghost_smash, uniq_harold
D:11:     layout_rooms, david_orc_5, st_stairs_9, uniq_psyche, uniq_erica
D:12:     layout_basic, kennysheep_minor_cross, uniq_rupert
D:13:     layout_loops_corners, david_vaults_3, minivault_23
D:14:     layout_rooms, hangedman_abyss_or_decor_jellyfish_corner,
          uniq_josephine
Lair:1:   layout_big_grid, chequers_serial_rivers_micro_e
Lair:2:   layout_hall_layers, spider_nest_entry_webs, gammafunk_ghost_icy,
          serial_bayou_shore_b, infiniplex_staircase_pool_2
Lair:3:   layout_hall_layers, minmay_shoals_entry_centaurs,
          gammafunk_ghost_wrathful_warriors
Lair:4:   layout_gridlike
Lair:5:   layout_gridlike, nicolae_slime_entry_slimehenge,
          gammafunk_ghost_arena, grunt_megastairs_2, lemuel_fruit_tree
Lair:6:   guppyfry_lair_end_dragon, layout_regular_city,
          hangedman_lair_tendril_chambers
Orc:1:    layout_caves, serial_shops, nicolae_lakefront_shop,
          nicolae_square_shop
Orc:2:    grunt_orc_tribal_feast, layout_caves

Skill      XL: |  1  2  3  4  5  6  7  8  9 10 11 12 13 14 15 |
---------------+----------------------------------------------+-----
Axes           | 2 3 5 7 8 11 13 14 16 | 16.7
Invocations    | 11 | 11.7
Armour         | 7 8 10 | 10.9
Fighting       | 7 9 11 12 | 12.4
Polearms       | 6 8 |  8.7
Shields        | 4 |  4.0
Throwing       | 6 |  6.0

Action                   |  1- 3 |  4- 6 |  7- 9 | 10-12 | 13-15 || total
-------------------------+-------+-------+-------+-------+-------++-------
Melee: War axe           |   101 |    90 |   190 |   319 |       ||   700
       Spear             |       |       |       |   198 |   771 ||   969
       Broad axe         |       |       |       |       |   566 ||   566
Throw: Stone             |    59 |    11 |     4 |    48 |    27 ||   149
       Javelin           |       |       |    14 |    12 |       ||    26
       Boomerang         |       |       |       |       |   203 ||   203
Invok: Stomp             |       |       |       |       |     2 ||     2
Evoke: Wand              |       |       |     5 |    18 |    11 ||    34
       Tin of tremorston |       |       |       |     2 |     4 ||     6
  Use: Potion            |       |     1 |       |     3 |    11 ||    15
       Scroll            |       |    10 |     8 |     6 |    21 ||    45
 Stab: Paralysed         |       |       |    14 |    51 |   157 ||   222
       Invisible         |       |       |       |       |     6 ||     6
       Confused          |       |       |       |       |     7 ||     7
Armor: Scale mail        |    56 |    64 |   114 |       |       ||   234
       Chain mail        |       |       |    47 |   161 |       ||   208
       Plate armour      |       |       |       |   220 |   675 ||   895
Dodge: Dodged            |    50 |    55 |    80 |   135 |   254 ||   574
Block: Buckler           |    20 |    24 |    25 |       |   167 ||   236

Table legend: (Time is in decaauts)
 A = Elapsed time spent in this place.
 B = Non-inter-level travel time spent in this place.
 C = Inter-level travel time spent in this place.
 D = Time resting spent in this place.
 E = Time spent auto-exploring this place.
 F = Levels seen in this place.
 G = Mean time per level.
                   A        B        C        D        E       F      G
               +--------+--------+--------+--------+--------+-----+--------+
         Total |  28435 |  26807 |   1628 |   6050 |  15022 |  23 | 1236.3 |
       Dungeon |  17804 |  16728 |   1076 |   4335 |   9064 |  14 | 1271.7 |
          Lair |   8603 |   8110 |    493 |   1134 |   5139 |   6 | 1433.8 |
  Orcish Mines |   2000 |   1942 |     58 |    564 |    819 |   2 | 1000.0 |
        Bailey |     26 |     26 |      0 |     15 |      0 |   1 |   26.0 |
               +--------+--------+--------+--------+--------+-----+--------+

Top non-repeatable levels by time:
  Lair:6: 2323 daAuts
    D:13: 2016 daAuts
     D:4: 1856 daAuts
     D:6: 1788 daAuts
     D:7: 1749 daAuts
  Lair:2: 1650 daAuts
  Lair:4: 1566 daAuts
    D:12: 1489 daAuts
     D:8: 1442 daAuts
    D:11: 1397 daAuts
  Lair:5: 1395 daAuts
   Orc:2: 1257 daAuts
     D:5: 1218 daAuts
     D:1: 1156 daAuts
  Lair:3: 1145 daAuts
